 Dungeon Crawl Stone Soup version 0.27.1 (webtiles) character file.

Game seed: 15140449357527930617

16 nxtlvl the Cutter (level 2, 0/18 HPs)
             Began as a Deep Elf Monk on Sept 3, 2021.
             Killed from afar by a white imp (1 damage)
             ... with a puff of frost
             ... on level 5 of the Dungeon.
             The game lasted 00:02:46 (337 turns).

nxtlvl the Cutter (Deep Elf Monk)                    Turns: 337, Time: 00:02:46

Health: 0/18       AC:  9    Str:  8    XL:     2   Next: 41%
Magic:  4/4        EV:  8    Int: 16    God:
Gold:   50         SH:  0    Dex: 17    Spells: 1/1 levels left

rFire    . . .     SeeInvis .   a - +3 dagger
rCold    . . .     Faith    .   (no shield)
rNeg     . . .     Spirit   .   c - +0 scale mail
rPois    .         Reflect  .   (no helmet)
rElec    .         Harm     .   h - +0 cloak
rCorr    .         Rampage  .   (no gloves)
Will     .....                  (no boots)
Stlth    +.........             (no amulet)
HPRegen  0.06/turn              (no ring)
MPRegen  0.09/turn              (no ring)

@: no status effects
A: iridescent scales 1, clever 1
a: no special abilities


You were on level 5 of the Dungeon.
You visited 1 branch of the dungeon, and saw 5 of its levels.

You collected 50 gold pieces.

Inventory:

Hand Weapons
 a - a +3 dagger (weapon)
Missiles
 j - 11 sling bullets
Armour
 b - a +0 robe
 c - a +0 scale mail (worn)
 h - a +0 cloak (worn)
 i - a +0 ring mail
Scrolls
 d - a scroll of vulnerability {unknown}
 e - a scroll of magic mapping {unknown}
 g - 2 scrolls of teleportation {unknown}


   Skills:
 - Level 2.4 Fighting
 * Level 3.8 Short Blades
 - Level 3.6 Dodging
 - Level 2.4 Stealth


You had one spell level left.
You didn't know any spells.
Your spell library was empty.

Dungeon Overview and Level Annotations

Branches:
Dungeon (5/15)
 Temple: D:4-7

Altars:


Innate Abilities, Weirdness & Mutations

You are partially covered in iridescent scales. (AC +2)
Your mind is acute. (Int +2)


Message History

j - 11 sling bullets A white imp comes into view.
The white imp shouts!
You hear a bark!
You see here a scroll labelled SAITWIR XAESS.
The white imp grins evilly.
The white imp gestures at you.
The puff of frost hits you but does no damage.
You hit the white imp.
The white imp is lightly wounded.
You hit the white imp.
The white imp is moderately wounded.
The white imp gestures at you. The puff of frost hits you!
Ouch! That really hurt!
* * * LOW HITPOINT WARNING * * *
You hit the white imp.
The white imp is moderately wounded.
The white imp hits you but does no damage.
It was a potion of mutation.
You feel extremely strange.
You feel clever.
Iridescent scales grow over part of your body.
The white imp closely misses you.
You hit the white imp but do no damage.
The white imp is moderately wounded.
The white imp barely misses you.
You hit the white imp.
The white imp is heavily wounded.
The white imp gestures at you. The puff of frost hits you.
* * * LOW HITPOINT WARNING * * *
You hit the white imp but do no damage.
The white imp is heavily wounded.
You hit the white imp.
The white imp is heavily wounded.
The white imp hits you but does no damage.
You hit the white imp but do no damage.
The white imp is heavily wounded.
The white imp gestures at you. The puff of frost hits you.
You die...

... .. #..# .....#
####...#
#.....###......#
#.............#
#............#
#...........# ##.
#...........####....
##....#@.....>......
##..?.#5........#
#............####
#............#
#.........<..#
..............#
#........#............
....##^...###..........
..## #....# #........##


You could see a white imp.

Vanquished Creatures
  An adder (D:4)
  An endoplasm (D:1)
  2 goblins
  A jackal (D:1)
  A quokka (D:1)
  A frilled lizard (D:1)
7 creatures vanquished.

Notes
Turn   | Place    | Note
-------+----------+-------------------------------------------
     0 | D:1      | nxtlvl the Deep Elf Monk began the quest for the Orb.
     0 | D:1      | Reached XP level 1. HP: 13/13 MP: 3/3
   282 | D:4      | Noticed a black bear
   300 | D:4      | Reached XP level 2. HP: 16/18 MP: 4/4
   301 | D:5      | Entered Level 5 of the Dungeon
   332 | D:5      | Gained mutation: Your mind is acute. (Int +2) [potion of
                  | mutation]
   332 | D:5      | Gained mutation: You are partially covered in iridescent
                  | scales. (AC +2) [potion of mutation]
   337 | D:5      | Killed from afar by a white imp

Illustrated notes

Levels and vault maps discovered:
D:1:      psy_arrival_dodecagon, layout_basic, serial_shops, shop, minivault_27
D:2:      layout_basic, basic_altar, uniq_natasha, uniq_crazy_yiuf_cottage
D:3:      layout_loops_corners, kennysheep_cross_room, minmay_misc_feat_five
D:4:      layout_cave_pods, minmay_temple_entry_junction_2, patterned_corridor
D:5:      layout_layer_cave, pdpol_temple_overflow_zin_treasury_gozag_greed,
          grunt_temple_overflow_diamond, gup_sewer_entry_bubbles,
          guppyfry_early_lair_pool

Action                   || total
-------------------------++-------
Melee: Dagger            ||    34
       Short sword       ||     4
  Use: Potion            ||     1
Armor: Scale mail        ||    17
Dodge: Dodged            ||    12
